 Dungeon Crawl Stone Soup version 0.29.0-4-gdea44cf6ec (webtiles) character file.

Game seed: 3699130353306839163

70 qw the Chopper (level 4, -2/26 HPs)
             Began as a Tengu Warper on Aug 28, 2022.
             Killed by divine providence
             ... invoked by an orc priest
              (14 damage)
             ... on level 3 of the Dungeon.
             The game lasted 00:00:13 (2421 turns).

qw the Chopper (Tengu Warper)                       Turns: 2421, Time: 00:00:13

Health: -2/26      AC:  9    Str: 13    XL:     4   Next: 21%
Magic:  8/8        EV:  7    Int: 13    God:
Gold:   113        SH:  8    Dex: 14    Spells: 7/7 levels left

rFire   x . .      SeeInvis .   Y - +0 hand axe
rCold   + + .      Faith    .   a - +0 kite shield {reflect}
rNeg    . . .      Spirit   .   b - +0 ice dragon scales
rPois   .          Reflect  +   (helmet restricted)
rElec   .          Harm     .   (no cloak)
rCorr   .          Rampage  .   (no gloves)
Will    .....                   (boots unavailable)
Stlth   ..........              (no amulet)
HPRegen 0.08/turn               (no ring)
MPRegen 0.11/turn               (no ring)

@: no status effects
A: beak, talons 3
a: no special abilities


You were on level 3 of the Dungeon.
You visited 1 branch of the dungeon, and saw 3 of its levels.

You collected 113 gold pieces.


Innate Abilities, Weirdness & Mutations

You have a beak for a mouth.
You have claws for feet.


   Skills:
 - Level 2.0 Fighting
 - Level 4.0 Axes
 - Level 1.0 Throwing
 - Level 1.1 Armour
 - Level 2.1 Dodging
 + Level 2.1 Shields
 - Level 2.0 Spellcasting
 - Level 2.4 Translocations


You had 7 spell levels left.
You didn't know any spells.
Your spell library contained the following spells:

 Spells                   Type           Power      Damage    Failure   Level
 Blink                    Tloc           14%        N/A       97%         2
 Gell's Gravitas          Tloc           7%         N/A       100%        3
 Lesser Beckoning         Tloc           7%         N/A       100%        3
 Teleport Other           Tloc           7%         N/A       100%        3
 Manifold Assault         Tloc           7%         N/A       100%        5

Inventory:

Hand Weapons
 c - a +0 flail
 Y - a +0 hand axe (weapon)
Armour
 a - a +0 kite shield of reflection (worn)
 b - +0 ice dragon scales (worn)
 d - a +0 ring mail
Scrolls
 f - a scroll of teleportation
Potions
 e - a potion of flight {unknown}
 g - a potion of degeneration {unknown}
 h - a potion of heal wounds
 k - a potion of curing {unknown}
 n - a potion of cancellation

Dungeon Overview and Level Annotations

Branches:
Dungeon (3/15)

Altars:
Fedhas

Shops:
D:1 (


Message History

The orc priest hits you but does no damage.
A gnoll comes into view. It is wielding a +0 club.
The gnoll shouts!
You hit the orc priest but do no damage.
Your kick misses the orc priest.
The orc priest calls down the wrath of Beogh upon you.
Beogh smites you!
You closely miss the orc priest. Your kick misses the orc priest.
Your peck misses the orc priest. The orc priest closely misses you.
You block the orc priest's attack.
An orc comes into view. It is wielding a +0 whip.
You barely miss the orc priest.
The orc priest invokes the aid of Beogh against you.
You barely resist. You closely miss the orc priest.
The jackal bites you but does no damage.
The orc priest hits you but does no damage.
A gnoll comes into view. It is wielding a +0 halberd.
You hit the orc priest but do no damage.
You claw the orc priest.
The orc priest is lightly wounded.
You barely miss the jackal. The jackal closely misses you.
The jackal barely misses you. x2
You hit the orc. You claw the orc.
The orc is heavily wounded.
You hit the jackal but do no damage. You miss the jackal.
The jackal closely misses you.
An orc priest comes into view. It is wielding a +0 club.
The jackal bites you but does no damage.
The jackal bites you. The orc hits you but does no damage.
An orc comes into view. It is wielding a +0 short sword.
The jackal barely misses you.
You hit the orc.
You kill the orc!
You hit the jackal. x2
The jackal bites you but does no damage. x2
The orc priest mumbles some strange prayers to Beogh against you.
Beogh smites you!
Ouch! That really hurt!
You die...

..#.# #.#### #.# ####.#
..#.. ..### #.# #....#
## .....# #.# #.#..# .#
#####.# #.# #....# .#
###.# #.# #._..#
###...######.# #)...#
#.#.$........#.###.#.##
......h..............#
#..oh@...........###
#..g)............#
....go#######......#
....gS #......# ...oo
#......# ..... ##.#####
.>.. #.# ....


You could see 2 orc priests, 3 gnolls, 2 orcs, 2 jackals and a ball python.

Vanquished Creatures
  3 adders
  4 orcs (D:3)
  2 endoplasms
  2 giant cockroaches
  4 hobgoblins
  4 jackals (D:3)
  5 kobolds
  A quokka (D:3)
  5 ball pythons
  A bat (D:1)
  A frilled lizard (D:1)
  3 goblins
  2 rats
37 creatures vanquished.

Vanquished Creatures (others)
  2 fungi (D:2)
  6 plants (D:2)
8 creatures vanquished.

Grand Total: 45 creatures vanquished

Notes
Turn   | Place    | Note
-------+----------+-------------------------------------------
     0 | D:1      | qw the Tengu Warper began the quest for the Orb.
     0 | D:1      | Reached XP level 1. HP: 12/12 MP: 4/4
     0 | D:1      | 0 ||| qw: Version: 0.1-a-89-g26bdef1
     0 | D:1      | 0 ||| qw: Game counter: 1686
     0 | D:1      | 0 ||| qw: Always use a shield: true
     0 | D:1      | 0 ||| qw: God list: Okawaru
     0 | D:1      | 0 ||| qw: Allow faded altars: false
     0 | D:1      | 0 ||| qw: Do Orc after D:15 true
     0 | D:1      | 0 ||| qw: Do second Lair branch before Depths: true
     0 | D:1      | 0 ||| qw: Lair rune preference: random
     0 | D:1      | 0 ||| qw: Plans: Normal
     0 | D:1      | 0 ||| PLANNING D:1-11
   262 | D:1      | Reached XP level 2. HP: 17/17 MP: 6/6
   325 | D:1      | Reached skill level 3 in Axes
   447 | D:1      | 447 ||| DROPPING +0 whip.
   491 | D:1      | Found Eveysh's Weapon Boutique.
   499 | D:1      | 499 ||| SHOPLISTING +2 hand axe of flaming (208 gold, have
                  | 49).
   548 | D:1      | 548 ||| UPGRADING to +0 ring mail.
   558 | D:1      | 558 ||| DROPPING +0 leather armour.
   559 | D:1      | 559 ||| READING scroll labelled QAUCWIN HIZUGY.
   559 | D:1      | Identified a scroll of acquirement
   559 | D:1      | 559 ||| ACQUIRING +0 kite shield of reflection
   559 | D:1      | Acquired a +0 kite shield of reflection
   561 | D:1      | 561 ||| UPGRADING to +0 kite shield of reflection.
   566 | D:1      | 566 ||| READING scroll labelled KUARAN SOCUICH.
   570 | D:1      | 570 ||| DRINKING 2 emerald potions.
   571 | D:1      | 571 ||| DROPPING scroll of blinking.
   968 | D:2      | Found a faded altar of an unknown god.
   982 | D:2      | 982 ||| Stepping ~*~*~tactically~*~*~ (stealth).
   989 | D:2      | Reached skill level 1 in Shields
  1658 | D:2      | 1658 ||| UPGRADING to +0 ice dragon scales.
  1668 | D:2      | 1668 ||| READING scroll labelled JYT NA QUS GAI.
  1669 | D:2      | 1669 ||| READING scroll labelled MUL MUTIBIEXE.
  1795 | D:2      | 1795 ||| READING scroll labelled ZEREVI ICWAFEPP.
  1796 | D:2      | 1796 ||| READING scroll labelled JYUG HOTOTAEGO.
  1797 | D:2      | 1797 ||| DRINKING 2 red potions.
  1811 | D:3      | 1811 ||| STAIRDANCE
  1876 | D:3      | 1876 ||| STAIRDANCE
  1882 | D:2      | Reached XP level 3. HP: 17/21 MP: 7/7
  2059 | D:3      | 2059 ||| STAIRDANCE
  2163 | D:3      | 2163 ||| FLEEEEING.
  2164 | D:3      | 2164 ||| FLEEEEING.
  2165 | D:3      | 2165 ||| FLEEEEING.
  2171 | D:3      | 2171 ||| STAIRDANCE
  2203 | D:2      | 2203 ||| READING scroll labelled XUNOKHL YBE NEAPH.
  2218 | D:3      | 2218 ||| DROPPING +1 whip of electrocution.
  2236 | D:3      | Reached XP level 4. HP: 26/26 MP: 8/8
  2261 | D:3      | 2261 ||| Stepping ~*~*~tactically~*~*~ (stealth).
  2280 | D:3      | Reached skill level 4 in Axes
  2292 | D:3      | 2292 ||| FLEEEEING.
  2293 | D:3      | 2293 ||| FLEEEEING.
  2378 | D:3      | Found a blossoming altar of Fedhas.
  2411 | D:3      | 2411 ||| Stepping ~*~*~tactically~*~*~ (hiding).
  2421 | D:3      | Killed from afar by an orc priest

Levels and vault maps discovered:
D:1:      dpeg_arrival_windows_large_door, layout_basic, serial_shops, shop
D:2:      layout_basic, shapermc_ecumenical_altar_mp_urbaneastern
D:3:      layout_basic, mainiacjoe_overflow_tiny_flanked

Skill      XL: |  1  2  3  4 |
---------------+-------------+-----
Axes           | 3 4 |  4.0
Shields        | 1 2 |  2.1
Fighting       | |  2.0
Throwing       | |  1.0
Armour         | |  1.1
Dodging        | |  2.1
Spellcasting   | |  2.0
Translocations | |  2.4

Action                   |  1- 3 |  4- 6 || total
-------------------------+-------+-------++-------
Melee: Hand axe          |    79 |    24 ||   103
       Kick              |    18 |     7 ||    25
       Peck              |    13 |     3 ||    16
Throw: Boomerang         |     7 |       ||     7
  Use: Scroll            |     7 |       ||     7
       Potion            |     2 |       ||     2
Armor: Leather armour    |     4 |       ||     4
       Ice dragon scales |    24 |    14 ||    38
       Ring mail         |     5 |       ||     5
Dodge: Dodged            |    28 |    12 ||    40
Block: Kite shield       |    20 |     8 ||    28

Table legend:
 A = Non-vault XP
 B = Vault XP
 C = Vault XP percentage of total XP
 D = Non-vault monster count
 E = Vault monster count
 F = Vault count percentage of total count
                 A         B        C        D         E       F
            +---------+---------+-------+---------+---------+-------
      Total |     103 |       0 |   0.0 |      37 |       0 |   0.0
            +---------+---------+-------+---------+---------+-------
        D:1 |      15 |       0 |   0.0 |      11 |       0 |   0.0
        D:2 |      48 |       0 |   0.0 |      13 |       0 |   0.0
        D:3 |      40 |       0 |   0.0 |      13 |       0 |   0.0
            +---------+---------+-------+---------+---------+-------
